 Dungeon Sprint DCSS version 0.17-a0-1646-geb1493d (webtiles) character file.

297 Kidiri the Covert (level 6, -16/28 HPs)
             Began as a Spriggan Enchanter on Aug 11, 2015.
             Was an Initiate of Dithmenos.
             Demolished by a spatial vortex (25 damage)
             ... in the Dungeon (Sprint III: "The Ten Rune Challenge").
             The game lasted 00:02:53 (539 turns).

Kidiri the Covert (Spriggan Enchanter)               Turns: 539, Time: 00:02:53

Health: -16/28     AC:  4    Str:  4    XL:     6   Next: 12%
Magic:  8/17       EV: 24    Int: 19    God:    Dithmenos [......]
Gold:   18         SH:  0    Dex: 16    Spells: 5 memorised, 8 levels left

rFire  . . .     SeeInvis +     a - +1 dagger
rCold  . . .     Clarity  .     b - +1 robe
rNeg   . . .     SustAt   .     (shield restricted)
rPois  .         Gourm    .     (helmet restricted)
rElec  +         Spirit   .     l - +0 cloak
rCorr  .         Warding  .     (gloves unavailable)
rMut   .         NoTele   +     (boots unavailable)
MR     +....                    (no amulet)
Stlth  +++++.....               (no ring)
                                (no ring)

@: very quick, somewhat resistant to hostile enchantments, quite stealthy
A: unfitting armour, see invisible, clever 1, clumsy 1, herbivore 3, speed 3,
electricity resistance, slow metabolism 2, MP-powered wands
a: Renounce Religion


You were in the Dungeon.
You worshipped Dithmenos.
Dithmenos was noncommittal.
You were not hungry.

You visited 1 branch You collected 18 gold pieces.

Inventory:

Hand weapons
 a - a +1 dagger (weapon)
Armour
 b - a +1 robe (worn)
 l - a +0 cloak (worn)
Scrolls
 j - a scroll of blinking
 k - a scroll of magic mapping {unknown}
 n - a scroll of torment {unknown}
 o - 4 scrolls of identify
 p - 2 scrolls of remove curse
 t - a scroll of holy word {unknown}
Potions
 e - a potion of curing
 f - a potion of heal wounds
 g - a potion of haste
 h - 2 potions of magic
 i - a potion of berserk rage
 r - 3 potions of cure mutation
 s - 3 potions of flight
Books
 c - a book of Maledictions

   Spells                             Type                      Level
   a - Corona                         Hexes                        1
   b - Ensorcelled Hibernation        Hexes/Ice                    2
   c - Confuse                        Hexes                        3
   d - Tukima's Dance                 Hexes                        3
   e - Dazzling Spray                 Conjuration/Hexes            3
Comestibles
 d - a bread ration
 q - 3 royal jellies


   Skills:
 + Level 4.6 Short Blades
 * Level 8.9 Dodging
 * Level 10.1 Stealth
 * Level 7.5 Spellcasting
 + Level 2.2 Conjurations
 + Level 6.0 Hexes
 + Level 3.0 Ice Magic
 + Level 0.0 Invocations


You had 8 spell levels left.
You knew the following spells:

 Your Spells              Type           Power        Failure   Level  Hunger
a - Corona                Hex            ####...      1%          1    None
b - Ensorcelled Hibernat  Hex/Ice        ###...       2%          2    None
c - Confuse               Hex            ####....     2%          3    #......
d - Tukima's Dance        Hex            ####....     2%          3    #......
e - Dazzling Spray        Conj/Hex       ###.....     6%          3    #......


Dungeon Overview and Level Annotations

Branches:
Dungeon (1/1)

Altars:
Dithmenos
Gozag
Makhleb
Nemelex Xobeh
Qazlal
Ru
Xom
Jiyva
Lugonu


Innate Abilities, Weirdness & Mutations

You are tiny and cannot use many weapons and most armour.
You have supernaturally acute eyesight.
You are a herbivore.
You cover ground extremely quickly.
You need consume almost no food.
Your mind is acute. (Int +2)
You are clumsy. (Dex -2)
You are resistant to electric shocks.
You expend magic power (3 MP) to strengthen your wands.


Message History

The spatial vortex is moderately damaged.
Casting: Dazzling Spray
Confirm with . or Enter, or press ? or * to list all spells.
Aiming: Dazzling Spray
Press: ? - help, Shift-Dir - straight line, f/p - spatial vortex
Aim: a spatial vortex (moderately damaged)
The spray of energy hits the spatial vortex.
The spatial vortex is heavily damaged.
Casting: Dazzling Spray
Confirm with . or Enter, or press ? or * to list all spells.
Aiming: Dazzling Spray
Press: ? - help, Shift-Dir - straight line, f/p - spatial vortex
Aim: a spatial vortex (heavily damaged)
The spray of energy hits the spatial vortex.
The spatial vortex is severely damaged.
You hit the spatial vortex.
The spatial vortex is severely damaged.
The spatial vortex hits you!!
Ouch! That really hurt!
You die...

.)...♣ ♣.# .....♣ ♣♣.#
...≈♣♣♣♣..###+#+###+##
..≈≈♣♣♣...#..........#
.≈≈≈≈♣....'.⌠........#
.≈≈≈≈≈≈♣♣.#...######'#
≈≈≈≈≈≈....#.⌠.#__#...#
≈≈≈≈≈.....#...#v_#...#
≈≈≈.......#+###_@#...#
..........# #__#...+
..........# #_.'...#
▓▓▓▓▓▓▓▓▓▓▓ ▓▓▓▓▓▓▓▓


You could see a spatial vortex.

Vanquished Creatures
  A shadow (D)
  A water elemental (D)
  Crazy Yiuf (D)
  A jelly (D)
  A human (D)
  2 oozes (D)
  2 rats (D)
9 creatures vanquished.

Vanquished Creatures (others)
  2 draconian scorchers (D)
  A yaktaur (D)
3 creatures vanquished.

Grand Total: 12 creatures vanquished

Notes
Turn   | Place    | Note
--------------------------------------------------------------
     0 | D        | Kidiri the Spriggan Enchanter began the quest for the Orb.
     0 | D        | Reached XP level 1. HP: 9/9 MP: 5/5
     5 | D        | Reached skill level 5 in Stealth
     8 | D        | Reached XP level 2. HP: 13/13 MP: 5/7
    24 | D        | Learned a level 2 spell: Ensorcelled Hibernation
    59 | D        | Reached skill level 5 in Dodging
    59 | D        | Reached skill level 6 in Stealth
    59 | D        | Reached XP level 3. HP: 1/16 MP: 3/10
   183 | D        | Killed a white draconian scorcher
   229 | D        | Killed a white draconian scorcher
   288 | D        | Killed a yaktaur
   355 | D        | Learned a level 3 spell: Confuse
   359 | D        | Learned a level 3 spell: Tukima's Dance
   364 | D        | Noticed Crazy Yiuf
   371 | D        | Killed Crazy Yiuf
   371 | D        | Reached skill level 5 in Spellcasting
   371 | D        | Reached skill level 1 in Ice Magic
   394 | D        | Gained mutation: Your mind is acute. (Int +2) [potion of mutation]
   394 | D        | Gained mutation: You expend magic power (3 MP) to strengthen your wands. [potion of mutation]
   395 | D        | Gained mutation: You are clumsy. (Dex -2) [potion of mutation]
   395 | D        | Gained mutation: You are resistant to electric shocks. [potion of mutation]
   458 | D        | Learned a level 3 spell: Dazzling Spray
   458 | D        | Noticed a water elemental
   461 | D        | Killed a water elemental
   461 | D        | Reached skill level 8 in Stealth
   461 | D        | Reached skill level 1 in Conjurations
   461 | D        | Reached skill level 5 in Hexes
   461 | D        | Reached XP level 4. HP: 21/21 MP: 10/12
   481 | D        | Noticed a jelly
   482 | D        | Noticed a shadow
   484 | D        | Killed a shadow
   484 | D        | Reached skill level 9 in Stealth
   484 | D        | Reached XP level 5. HP: 24/24 MP: 12/15
   484 | D        | Reached XP level 6. HP: 28/28 MP: 13/17
   490 | D        | Killed a jelly
   490 | D        | Reached skill level 10 in Stealth
   527 | D        | Found a stormy altar of Qazlal.
   528 | D        | Found a sacrificial altar of Ru.
   528 | D        | Found a burning altar of Makhleb.
   528 | D        | Found a viscous altar of Jiyva.
   528 | D        | Found a shimmering altar of Xom.
   528 | D        | Found a shadowy altar of Dithmenos.
   528 | D        | Found a sparkling altar of Nemelex Xobeh.
   528 | D        | Found a corrupted altar of Lugonu.
   528 | D        | Found an opulent altar of Gozag.
   528 | D        | Noticed a spatial vortex
   532 | D        | Became a worshipper of Dithmenos the Shadowed
   539 | D        | Demolished by a spatial vortex

Vault maps used:
D:        dungeon_sprint_mu

Action                   |  1- 3 |  4- 6 || total
-------------------------+-------+-------++-------
Melee: Dagger            |    17 |     6 ||    23
 Cast: Ensorcelled Hiber |     1 |     1 ||     2
       Corona            |     1 |       ||     1
       Dazzling Spray    |       |     3 ||     3
  Use: Potion            |     2 |       ||     2
 Stab: Sleeping          |     5 |     2 ||     7
